[Event "Early-Titled-Tuesday-Blitz-June-18-2024"]
[Site "Chess.com"]
[Date "2024.06.18"]
[Round "2"]
[White "nihalsarin"]
[Black "kingnb"]
[Result "1-0"]
[WhiteElo "3179"]
[BlackElo "2684"]
[TimeControl "180+1"]
[EndTime "8:17:49 PDT"]
[Termination "nihalsarin won on time"]

1. d4 Nf6 2. c4 e6 3. g3 d5 4. Bg2 Be7 5. Nf3 O-O 6. O-O dxc4 7. Qc2 b5 8. a4 b4 9. Ne5 Qxd4 10. Nxc4 Nd5 11.
Rd1 Qc5 12. Be3 Nxe3 13. Nxe3 c6 14. Nd2 Qxc2 15. Nxc2 a5 16. Nc4 Ba6 17. N2e3 Ra7 18. Kf1 Rc8 19. Rac1 Bxc4 20. Nxc4 Nd7 21. Nxa5 Rxa5 22.
Rxd7 Bf6 23. Rxc6 Rxc6 24. Bxc6 Rc5 25. Rb7 Kf8 26. Be4 Bxb2 27. Rxb4 Bc3 28. Rb8+ Ke7 29. Rb7+ Kf6 30. Bxh7 Be5 31. f4 Rc1+ 32. Kg2 1-0

[Event "Early-Titled-Tuesday-Blitz-June-18-2024"]
[Site "Chess.com"]
[Date "2024.06.18"]
[Round "2"]
[White "Alex_Sahakyan2006"]
[Black "Kislov_Oleg"]
[Result "1-0"]
[WhiteElo "2777"]
[BlackElo "2546"]
[TimeControl "180+1"]
[EndTime "8:17:49 PDT"]
[Termination "Alex_Sahakyan2006 won by resignation"]

1. e4 e6 2. d4 d5 3. exd5 exd5 4.
Nc3 c6 5. Bd3 Bd6 6. Nf3 Ne7 7.
Ne2 Bf5 8. Ng3 Bg6 9. O-O Nd7 10.
Re1 O-O 11. Ne5 Bxd3 12. Qxd3 f6 13.
Nf3 Re8 14. Bd2 Nf8 15. Re2 Qd7 16. Rae1 g6 17. Bh6 Kf7 18. Ne5+ Bxe5 19. dxe5 Ng8 20.
Bxf8 Kxf8 21. e6 Qd6 22. h4 Kg7 23. h5 Re7 24. Qf3 Rae8 25. hxg6 hxg6 26. Qg4 Nh6 27. Nh5+ Kh7 28. Nxf6+ Kg7 29. Nxe8+ Rxe8 30. Qd4+ Kh7 31. e7 Nf5 32. Qg4 Rxe7 33. Rxe7+ Nxe7 34. Qh4+ Kg8 35. Rxe7 1-0

[Event "Early-Titled-Tuesday-Blitz-June-18-2024"]
[Site "Chess.com"]
[Date "2024.06.18"]
[Round "2"]
[White "A4RookA3"]
[Black "GMT4114"]
[Result "1-0"]
[WhiteElo "2444"]
[BlackElo "1943"]
[TimeControl "180+1"]
[EndTime "8:17:49 PDT"]
[Termination "A4RookA3 won by resignation"]

1. d4 e6 2. Nf3 f5 3. Bf4 Nf6 4. e3 b6 5. c4 Bb7 6. Nc3 Bb4 7. Rc1 O-O 8. Be2 d6 9. O-O Bxc3 10. Rxc3 Ne4 11.
Rc1 Nd7 12. h3 Qe7 13. Nd2 Ndf6 14. f3 Nxd2 15. Qxd2 Rad8 16. Bh2 e5 17. d5 a5 18. b3 Qf7 19. a3 Ra8 20. Ra1 Bc8 21. b4 axb4 22.
axb4 Bd7 23. Qc3 g5 24. f4 gxf4 25. exf4 Ne4 26. Qb2 Qg6 27. Rxa8 Rxa8 28. fxe5 dxe5 29. Bxe5 f4 30. Bxf4 Bxh3 31. Bf3 Bf5 32. Be5 Re8 33. Qd4 Kf7 34. Bxe4 1-0

[Event "Early-Titled-Tuesday-Blitz-June-18-2024"]
[Site "Chess.com"]
[Date "2024.06.18"]
[Round "2"]
[White "marcocordeiro2013"]
[Black "Supelyel"]
[Result "0-1"]
[WhiteElo "1963"]
[BlackElo "2445"]
[TimeControl "180+1"]
[EndTime "8:17:50 PDT"]
[Termination "Supelyel won on time"]

1. e4 c5 2. Nc3 d6 3. f4 g6 4. Nf3 Bg7 5. Bc4 e6 6. O-O Ne7 7. d3 Nbc6 8. Qe1 Nd4 9. Nxd4 cxd4 10. Ne2 Nc6 11. Qf2 O-O 12. Bb5 Qb6 13. Bxc6 bxc6 14. c3 c5 15. b4 dxc3 16. bxc5 Qxc5 17. Qxc5 dxc5 18. e5 Ba6 19. Nxc3 Bxd3 20. Rd1 c4 21. Nb5 Rfd8 22. Ba3 f6 23. Bd6 Kf7 24. exf6 Bxf6 25. Be5 Rd7 26. Rac1 Ke7 27. Na3 Rc8 28. Rc3 Bxe5 29.
fxe5 Rd4 30. Nb5 Rd7 31. Nd6 Rc5 32. Rdxd3 cxd3 33. Rxc5 d2 0-1

[Event "Early-Titled-Tuesday-Blitz-June-18-2024"]
[Site "Chess.com"]
[Date "2024.06.18"]
[Round "2"]
[White "Commando_Droid"]
[Black "LewAnatol"]
[Result "1-0"]
[WhiteElo "2703"]
[BlackElo "2249"]
[TimeControl "180+1"]
[EndTime "8:17:51 PDT"]
[Termination "Commando_Droid won on time"]

1. d4 d5 2. c4 e6 3. Nf3 c5 4. g4 Nf6 5. g5 Ne4 6. Nc3 Nxc3 7. bxc3 b6 8. cxd5 exd5 9. h4 Bb7 10. a4 Nc6 11. e3 h6 12. g6 fxg6 13. Qc2 Qf6 14. Ne5 Nxe5 15. dxe5 Qxe5 16. Qxg6+ Kd8 17. a5 Qxc3+ 18.
Kd1 Qxa1 19. Bb5 Be7 20. Qe6 Bc8 21. Qxd5+ Kc7 22. Qxa8 Rd8+ 23. Bd3 Bb7 24. Qxa7 Rxd3+ 25. Ke2 Qxa5 26. Qxa5 bxa5 27. Rg1 Rd7 28. Rxg7 Bxh4 29. Rg6 Rd6 30. Rg7+ Kb6 31. f3 Bf6 32. Rg4 Bc3 33. e4 Ba6+ 34. Kf2 a4 35. e5 Bxe5 36. Rxa4 Bd4+ 37. Kg3 Rg6+ 38. Kh4 Be2 39. Ra3 Rg1 40. Bxh6 Rh1+ 41. Kg5 Bf6+ 42. Kg6 Bd4 43. f4 c4 44. f5 c3 45. f6 c2 46. Bd2 c1=Q 47. Bxc1 Rxc1 48. f7 Rg1+ 49. Kh7 Rg7+ 50. Kh6 Rxf7 51. Ra4 Be3+ 52. Kg6 Re7 53. Kf6 Bc5 54. Ra2 Bc4 55.
Rc2 1-0

[Event "Early-Titled-Tuesday-Blitz-June-18-2024"]
[Site "Chess.com"]
[Date "2024.06.18"]
[Round "2"]
[White "mfschulz"]
[Black "Triumphmate"]
[Result "0-1"]
[WhiteElo "2232"]
[BlackElo "2496"]
[TimeControl "180+1"]
[EndTime "8:17:51 PDT"]
[Termination "Triumphmate won by resignation"]

1. d4 d5 2. Bg5 Nd7 3. Nd2 Ngf6 4. Ngf3 e6 5. e3 Be7 6. Bd3 O-O 7. h4 c5 8. c3 b6 9. Bxf6 Nxf6 10. Ne5 Bb7 11.
g4 Rc8 12. g5 Ne4 13. f3 Nxd2 14. Qxd2 f5 15. f4 Bd6 16. O-O-O Bxe5 17. fxe5 c4 18. Bc2 b5 19. Qg2 a5 20. h5 b4 21. Ba4 Bc6 22. Bxc6 Rxc6 23. g6 h6 24. Kb1 Qb6 25. Ka1 a4 26.
Rb1 a3 27. bxa3 b3 28. Qb2 Ra8 29. axb3 cxb3 30. Qxb3 Qa5 31. Ka2 Rxc3 32. Qb8+ Rc8 33.
Qb4 Qa6 34. Rhc1 Qe2+ 35. Rb2 Qxh5 36. Rxc8+ Rxc8 37. Qb7 Rf8 38. Rg2 Qf3 39. Rb2 Qg3 40. Qd7 Qxg6 41. Rb7 h5 42. Qe7 Qf7 43. Qxf7+ Rxf7 44.
Rb2 g5 45. a4 h4 46. Rh2 Kg7 47. Ka3 Kg6 48. a5 Kh5 49. Kb4 g4 50. a6 g3 51. Rh1 Kg4 52. Kb5 g2 53. Ra1 h3 54.
a7 Rxa7 55. Rxa7 h2 56. Rg7+ Kf3 57. Kc6 g1=Q 58. Rxg1 hxg1=Q 59. Kd6 Qg6 0-1

[Event "Early-Titled-Tuesday-Blitz-June-18-2024"]
[Site "Chess.com"]
[Date "2024.06.18"]
[Round "2"]
[White "ChessArchitect64"]
[Black "amylazy"]
[Result "0-1"]
[WhiteElo "2063"]
[BlackElo "2456"]
[TimeControl "180+1"]
[EndTime "8:17:51 PDT"]
[Termination "amylazy won by checkmate"]

1. d4 Nf6 2. Bg5 d5 3. Bxf6 exf6 4. e3 Bd6 5. c4 c6 6. Nc3 Be6 7. cxd5 cxd5 8. Nf3 O-O 9. Bd3 Nc6 10. a3 f5 11.
O-O g6 12. b4 a6 13. Qb3 Rc8 14. Rac1 f4 15. Na4 Bg4 16. Be2 Re8 17. Nc5 fxe3 18.
fxe3 Qe7 19. Rc3 Bb8 20. Qxd5 b6 21. Nb3 Nxb4 22. axb4 Rxc3 23. Nbd2 Qxe3+ 24. Kh1 Be6 25. Qb7 Qxe2 26. Ng5 Qh5 27. Nxe6 Qxh2# 0-1

[Event "Early-Titled-Tuesday-Blitz-June-18-2024"]
[Site "Chess.com"]
[Date "2024.06.18"]
[Round "2"]
[White "ploxoi"]
[Black "NM_Antelacus"]
[Result "0-1"]
[WhiteElo "2497"]
[BlackElo "2308"]
[TimeControl "180+1"]
[EndTime "8:17:52 PDT"]
[Termination "NM_Antelacus won by checkmate"]

1. d4 Nf6 2. c4 e6 3. g3 Bb4+ 4. Bd2 Qe7 5. Bg2 O-O 6. e3 d5 7.
Nf3 c6 8. O-O Bxd2 9. Qxd2 Ne4 10. Qc2 Nd7 11. Nc3 Ndf6 12. Nd2 Nxc3 13. Qxc3 b6 14.
e4 dxe4 15. Nxe4 Nxe4 16. Bxe4 Bb7 17. Rfe1 c5 18. d5 Qc7 19. d6 Qd7 20. Rad1 Bxe4 21. Rxe4 Rad8 22. Rg4 f6 23. Re4 Rfe8 24. Qd3 Qc6 25.
b3 Rd7 26. f4 Kf7 27. Kf2 Red8 28. f5 Rxd6 29. fxe6+ Ke7 30. Qf3 Rxd1 31. Qg4 g6 32. Qh4 h5 33. Qf4 R8d2+ 34. Ke3 Rd3+ 35. Ke2 Qd6 36.
Qh6 R3d2+ 37. Kf3 Qd3+ 38. Kf4 Rf1# 0-1

[Event "Early-Titled-Tuesday-Blitz-June-18-2024"]
[Site "Chess.com"]
[Date "2024.06.18"]
[Round "2"]
[White "Schattman"]
[Black "Ash15K"]
[Result "1/2-1/2"]
[WhiteElo "2517"]
[BlackElo "2308"]
[TimeControl "180+1"]
[EndTime "8:17:54 PDT"]
[Termination "Game drawn by agreement"]

1. Nf3 d5 2. b3 b6 3. Bb2 Bb7 4.
g3 Nf6 5. d4 e6 6. Bg2 Be7 7.
O-O O-O 8. Ne5 Nbd7 9. c4 c5 10. cxd5 exd5 11. Nd2 Rc8 12. Bh3 Rc7 13. Rc1 Bd6 14.
Nxd7 Nxd7 15. Nf3 Re8 16. e3 Nf6 17. Ne5 Rce7 18. Bg2 Nd7 19. Nxd7 Rxd7 20. dxc5 bxc5 21. Qd2 Bf8 22. Rfd1 Qb6 23. Bh3 Rde7 24. Bg2 Rd7 25. Qc2 Qe6 26. Ba3 Rc7 27. Qd2 Rd8 28. Qa5 Qb6 29. Qxb6 axb6 30. Rd2 Ra8 31. Bb2 Rxa2 32. Rcd1 Rd7 33. Bh3 Rd8 34. Be5 Rxd2 35. Rxd2 Bd6 36. Bc3 Kf8 37. Bg2 Bc7 38. h4 f6 39. h5 h6 40. f4 Ke7 41. Kf2 1/2-1/2

[Event "Early-Titled-Tuesday-Blitz-June-18-2024"]
[Site "Chess.com"]
[Date "2024.06.18"]
[Round "2"]
[White "Hudijegszid"]
[Black "chessfatbear"]
[Result "0-1"]
[WhiteElo "2500"]
[BlackElo "2764"]
[TimeControl "180+1"]
[EndTime "8:17:55 PDT"]
[Termination "chessfatbear won by resignation"]

1. e4 c6 2. d4 d5 3. e5 Bf5 4. h4 h5 5. Bd3 Bxd3 6. Qxd3 Qa5+ 7. Nd2 e6 8. Nf3 Ne7 9. O-O Nf5 10. Nb3 Qa6 11. Qd1 Be7 12. Bg5 Bxg5 13. Nc5 Qb6 14. hxg5 Nd7 15. g6 Nxc5 16. gxf7+ Kxf7 17. dxc5 Qxc5 18. Ng5+ Ke7 19. c3 Raf8 20. Qa4 h4 21. b4 Qb6 22. c4 dxc4 23. b5 cxb5 24. Qb4+ Kd7 25. Rad1+ Kc8 26. a4 h3 27. axb5 hxg2 28. Kxg2 Nh4+ 29. Kg1 Rf4 30. Rfe1 Qxf2+ 31. Kh1 Nf3+ 0-1

[Event "Early-Titled-Tuesday-Blitz-June-18-2024"]
[Site "Chess.com"]
[Date "2024.06.18"]
[Round "2"]
[White "AniJak"]
[Black "BigAl"]
[Result "0-1"]
[WhiteElo "2347"]
[BlackElo "2542"]
[TimeControl "180+1"]
[EndTime "8:17:55 PDT"]
[Termination "BigAl won by resignation"]

1. e4 c6 2. d4 d5 3. e5 Bf5 4.
Nf3 e6 5. Be2 Ne7 6. O-O Ng6 7.
Nbd2 Nf4 8. Nb3 Nxe2+ 9. Qxe2 Nd7 10. Be3 Be7 11. a4 O-O 12. a5 a6 13. Rfd1 Rc8 14. Nc5 Bxc5 15. dxc5 Bg4 16. Bd4 f6 17. exf6 Nxf6 18. h3 Bxf3 19. Qxf3 Ne4 20. Qg4 Qe7 21. f3 Nxc5 22. Re1 Rce8 23. b4 Nd7 24. Rxe6 Qf7 25.
Ree1 Nf6 26. Qg3 Nh5 27. Qd6 Nf4 28. Bc5 Rd8 29. Qe7 Qg6 30. g4 Nxh3+ 31. Kh2 Ng5 32. Re3 Rde8 33. Qxf8+ Rxf8 34. Bxf8 Qh6+ 35. Kg1 Nh3+ 36. Kg2 Qxe3 37. Kxh3 Kxf8 0-1

[Event "Early-Titled-Tuesday-Blitz-June-18-2024"]
[Site "Chess.com"]
[Date "2024.06.18"]
[Round "2"]
[White "monomita"]
[Black "malakismayil"]
[Result "1-0"]
[WhiteElo "2786"]
[BlackElo "2556"]
[TimeControl "180+1"]
[EndTime "8:17:56 PDT"]
[Termination "monomita won by checkmate"]

1. d4 d5 2. Bf4 e6 3. Nc3 Bb4 4. Qd3 Nf6 5. O-O-O O-O 6. g4 c5 7. g5 Nh5 8. Bxb8 Rxb8 9. h4 Qa5 10. dxc5 Bxc3 11.
Qxc3 Qxa2 12. e3 Bd7 13. Be2 g6 14. Bxh5 gxh5 15. Ne2 Rfc8 16. Ng3 b6 17. Nxh5 Kf8 18. Qh8+ Ke7 19. Qf6+ Ke8 20. c6 Bxc6 21. Ng7+ Kf8 22. Nxe6+ Ke8 23. Ng7+ Kf8 24. Nf5 Qa1+ 25. Kd2 Qa5+ 26. c3 Qb5 27. Qh8# 1-0

[Event "Early-Titled-Tuesday-Blitz-June-18-2024"]
[Site "Chess.com"]
[Date "2024.06.18"]
[Round "2"]
[White "GM-2024-GM"]
[Black "SuperPower2011"]
[Result "1/2-1/2"]
[WhiteElo "2306"]
[BlackElo "2707"]
[TimeControl "180+1"]
[EndTime "8:17:56 PDT"]
[Termination "Game drawn by repetition"]

1. e4 c5 2. Nf3 e6 3. d4 cxd4 4. Nxd4 Nc6 5. Nc3 Nf6 6. Ndb5 Bc5 7. Nd6+ Ke7 8. Bf4 e5 9. Nf5+ Kf8 10. Bg5 Bb4 11. Bc4 d5 12. Bxf6 Qxf6 13. Qxd5 Bxf5 14. exf5 Rd8 15. Qb5 g6 16. O-O Bxc3 17. bxc3 gxf5 18.
Rad1 Kg7 19. Qxb7 e4 20. Qc7 Ne5 21. Bb3 Rhg8 22. Qxa7 Kh8 23. Rxd8 Rxd8 24. Qe3 Nf3+ 25. gxf3 Rg8+ 26. Kh1 Qg6 27. Qd4+ Rg7 28. Qd8+ Rg8 29. Qd4+ Rg7 30. Qd8+ Rg8 31. Qd4+ 1/2-1/2

[Event "Early-Titled-Tuesday-Blitz-June-18-2024"]
[Site "Chess.com"]
[Date "2024.06.18"]
[Round "2"]
[White "kyuotbi"]
[Black "muncettin"]
[Result "1-0"]
[WhiteElo "2317"]
[BlackElo "2512"]
[TimeControl "180+1"]
[EndTime "8:17:56 PDT"]
[Termination "kyuotbi won by resignation"]

1. e4 e5 2. Nf3 Nc6 3. Bb5 a6 4. Ba4 Nf6 5. O-O Be7 6. Re1 b5 7. Bb3 d6 8. c3 O-O 9. h3 Na5 10. Bc2 c5 11. d4 Qc7 12. Nbd2 cxd4 13. cxd4 Nc6 14. Nb3 a5 15. Be3 a4 16. Nbd2 Nb4 17. Bb1 Bd7 18. a3 Na6 19. Bd3 Rae8 20. dxe5 dxe5 21.
Qe2 Qb8 22. b3 Nc5 23. bxa4 bxa4 24. Rab1 Nb3 25. Bc4 Qa8 26. Nxb3 axb3 27. Bxb3 Qxe4 28. Bc2 Qa8 29. Nxe5 Qxa3 30. Nxd7 Nxd7 31. Ra1 Qc3 32. Rad1 Nf6 33. Bd4 Qc8 34. Qd3 g6 35. Rxe7 Rxe7 36.
Bxf6 Re6 37. Bb2 Rfe8 38. Qd4 Re5 39. Ba4 Re1+ 40. Rxe1 Rxe1+ 41. Kh2 Qc7+ 42. g3 Kf8 43. Qh8+ Ke7 44. Qe8+ 1-0

[Event "Early-Titled-Tuesday-Blitz-June-18-2024"]
[Site "Chess.com"]
[Date "2024.06.18"]
[Round "2"]
[White "Omranalhosani21"]
[Black "FGHSMN"]
[Result "0-1"]
[WhiteElo "2543"]
[BlackElo "2913"]
[TimeControl "180+1"]
[EndTime "8:17:57 PDT"]
[Termination "FGHSMN won by resignation"]

1. d4 Nf6 2. c4 e6 3. Nc3 Bb4 4. Qc2 d5 5. cxd5 exd5 6. Bg5 h6 7. Bxf6 Qxf6 8. e3 O-O 9. Nf3 c6 10. Bd3 Nd7 11. O-O Qe7 12. a3 Bd6 13. b4 a6 14.
Rfe1 Nf6 15. e4 dxe4 16. Nxe4 Nxe4 17. Bxe4 Qf6 18. Rad1 a5 19. Qb1 axb4 20. axb4 Bg4 21. Ne5 Bxd1 22. Nd7 Qxd4 23. Rxd1 Qxb4 24. Nxf8 Kxf8 25.
Qxb4 Bxb4 26. Rb1 Rd8 27. g3 Rd4 28. Bf5 Ke7 29. Bc8 b6 30. Ra1 Ba5 31. Kg2 c5 32.
Kf3 Kd6 33. Ke2 c4 34. Ba6 Kc5 35. Rb1 Bb4 36. Ke3 b5 37. Bb7 Bd2+ 38. Ke2 b4 39. Ra1 b3 40. Bc8 c3 41. Bf5 c2 0-1

[Event "Early-Titled-Tuesday-Blitz-June-18-2024"]
[Site "Chess.com"]
[Date "2024.06.18"]
[Round "2"]
[White "DarkAlekhine"]
[Black "Resourchess"]
[Result "1-0"]
[WhiteElo "2742"]
[BlackElo "2390"]
[TimeControl "180+1"]
[EndTime "8:17:58 PDT"]
[Termination "DarkAlekhine won by resignation"]

1. e4 d6 2. d4 g6 3. Nf3 Bg7 4. c3 Nf6 5. Bd3 O-O 6. O-O c5 7. d5 Bg4 8. h3 Bxf3 9. Qxf3 Nbd7 10. Qe2 a6 11. a4 Rc8 12. Nd2 e5 13. a5 Ne8 14.
Nc4 f5 15. f4 fxe4 16. Bxe4 Qe7 17. f5 g5 18. f6 Bxf6 19. Qh5 Qg7 20. Bd2 Be7 21.
Rxf8+ Bxf8 22. Bxg5 Nef6 23. Bxf6 Nxf6 24. Qf5 Rd8 25. Rf1 Nxe4 26. Qxe4 Be7 27. Ne3 Qg6 28.
Nf5 Bf8 29. Rf3 Kh8 30. Rg3 Qf6 31. Qg4 Bh6 32. Qh5 Bf8 33. Nh4 Qh6 34. Qg4 Be7 35. Nf5 Qc1+ 36. Kh2 Bf6 37. Qh5 Qf4 38. Nh6 Bg7 39.
Nf7+ Kg8 40. Nxd8 Kf8 41. Ne6+ 1-0

[Event "Early-Titled-Tuesday-Blitz-June-18-2024"]
[Site "Chess.com"]
[Date "2024.06.18"]
[Round "2"]
[White "Chernov_Alexander_A"]
[Black "gafkens"]
[Result "1-0"]
[WhiteElo "2295"]
[BlackElo "2614"]
[TimeControl "180+1"]
[EndTime "8:17:58 PDT"]
[Termination "Chernov_Alexander_A won by checkmate"]

1. d4 g6 2. Nc3 Bg7 3. e4 d6 4. Nf3 c6 5. Be2 b5 6. O-O b4 7. Nb1 Nf6 8. Bd3 a5 9. a3 Ba6 10. Re1 O-O 11. c3 Bxd3 12. Qxd3 bxa3 13. Rxa3 Nbd7 14.
Nbd2 Qc7 15. Nf1 e5 16. dxe5 dxe5 17. Qc4 Nb6 18. Qc5 Nfd7 19. Qe3 Nc4 20. Qg5 Nxa3 21. bxa3 f6 22. Qg4 Nc5 23. Be3 Qd7 24. Qg3 Ne6 25.
h4 Rfb8 26. h5 g5 27. h6 Bxh6 28. Qh3 Bg7 29. Ng3 Rb7 30. Nf5 Bf8 31. Nh2 Ng7 32.
Ng4 Qe6 33. g3 Nxf5 34. exf5 Qf7 35. Kg2 Rb2 36. Rh1 Rab8 37. Nxf6+ Kg7 38. Qh6+ Kh8 39. Qxh7+ Qxh7 40. Rxh7# 1-0

[Event "Early-Titled-Tuesday-Blitz-June-18-2024"]
[Site "Chess.com"]
[Date "2024.06.18"]
[Round "2"]
[White "ketster"]
[Black "WilliamAlfaroCaracas"]
[Result "1-0"]
[WhiteElo "2568"]
[BlackElo "2364"]
[TimeControl "180+1"]
[EndTime "8:17:58 PDT"]
[Termination "ketster won by resignation"]

1. d4 Nf6 2. c4 g6 3. Nc3 d5 4.
Nf3 Bg7 5. h4 h5 6. Bg5 c6 7. e3 Ne4 8. Nxe4 dxe4 9. Nd2 f5 10.
Qb3 c5 11. d5 O-O 12. f3 exf3 13. gxf3 a5 14. Bd3 a4 15. Qc2 a3 16. Rb1 axb2 17.
Rxb2 Bxb2 18. Qxb2 Nd7 19. Rg1 Rf7 20. Bh6 Kh7 21.
Bf4 Qb6 22. Nb3 e5 23. Bxe5 Nxe5 24. Qxe5 Rxa2 25. Nd2 Qf6 26. Qe8 Bd7 27. Qb8 Qxh4+ 28. Ke2 Qh2+ 29. Qxh2 1-0

[Event "Early-Titled-Tuesday-Blitz-June-18-2024"]
[Site "Chess.com"]
[Date "2024.06.18"]
[Round "2"]
[White "Murad_Ibrahimli"]
[Black "ArtemDyachuk"]
[Result "1-0"]
[WhiteElo "2929"]
[BlackElo "2627"]
[TimeControl "180+1"]
[EndTime "8:17:59 PDT"]
[Termination "Murad_Ibrahimli won by checkmate"]

1. d4 Nf6 2. c4 e6 3. Nf3 c5 4. d5 d6 5. Nc3 exd5 6. cxd5 g6 7.
Bf4 Bg7 8. h3 O-O 9. e3 Ne8 10.
Be2 Nd7 11. O-O Ne5 12. Nd2 a6 13. a4 b6 14. Bh2 f5 15. f4 Nf7 16. Kh1 Nc7 17.
Nc4 Rb8 18. Bf3 Re8 19. Re1 Bd7 20. e4 b5 21. axb5 axb5 22. Na5 b4 23. Na4 fxe4 24. Bxe4 Nh6 25. Nc6 Bxc6 26. dxc6 d5 27. Bf3 Rxe1+ 28. Qxe1 c4 29. Rd1 d4 30. Nc5 Nf5 31. Ne6 Nxe6 32. Qxe6+ Kh8 33. g4 Ne3 34. f5 Rc8 35. c7 Qf8 36.
Re1 Re8 37. Bb7 c3 38. bxc3 bxc3 39. Qxe8 Qxe8 40. c8=Q Qxc8 41. Bxc8 c2 42. Bf4 Nd1 43. Re8+ Bf8 44. Be5+ Kg8 45. Be6# 1-0

[Event "Early-Titled-Tuesday-Blitz-June-18-2024"]
[Site "Chess.com"]
[Date "2024.06.18"]
[Round "2"]
[White "ninguno46"]
[Black "Aygehovit1992"]
[Result "0-1"]
[WhiteElo "2562"]
[BlackElo "2795"]
[TimeControl "180+1"]
[EndTime "8:17:59 PDT"]
[Termination "Aygehovit1992 won by resignation"]

1. e4 c5 2. Nc3 Nc6 3. f4 g6 4.
Nf3 Bg7 5. Bb5 Nd4 6. Bd3 a6 7.
O-O b5 8. Nxd4 cxd4 9. Ne2 Bb7 10. a4 Qb6 11. Ng3 h5 12. h3 h4 13. Nh1 Nf6 14. Qe2 b4 15. b3 d5 16. e5 Ne4 17.
Bb2 f5 18. exf6 exf6 19. f5 gxf5 20. Rxf5 O-O-O 21. a5 Qe6 22. Raf1 Rde8 23. Bxd4 Bh6 24. Rxf6 Nxf6 25. Bf5 Qxf5 26. Qxe8+ Rxe8 27. Rxf5 Ne4 28. d3 Nc3 29. Bf2 Re2 30. Bxh4 d4 31. Rf2 Be3 0-1

[Event "Early-Titled-Tuesday-Blitz-June-18-2024"]
[Site "Chess.com"]
[Date "2024.06.18"]
[Round "2"]
[White "fourqueens13"]
[Black "SahibSinghKnight"]
[Result "0-1"]
[WhiteElo "2414"]
[BlackElo "2681"]
[TimeControl "180+1"]
[EndTime "8:17:59 PDT"]
[Termination "SahibSinghKnight won by resignation"]

1. e4 c5 2. a3 d5 3. exd5 Qxd5 4. Nc3 Qd8 5. Nf3 Nc6 6. Bb5 Bd7 7. O-O Nf6 8. Re1 e6 9. d3 a6 10. Ba4 h6 11. Bf4 Be7 12. Bg3 O-O 13. Qd2 Nd4 14.
Ne5 b5 15. Bb3 Nxb3 16. cxb3 Be8 17. Rac1 Nd5 18. Ne4 f5 19. Nxc5 Bxc5 20. Rxc5 f4 21.
d4 fxg3 22. hxg3 Nf6 23. Qd3 Qd6 24. b4 Rd8 25. Rd1 Nd5 26. Qe2 Nb6 27. b3 Nd7 28. Nxd7 Bxd7 29. Qe5 Qxe5 30. dxe5 Bc8 31. Rd6 Rxd6 32.
exd6 Rd8 33. f4 Bb7 34. Rc7 Bd5 35. d7 Kf7 36. Ra7 Bxb3 37. Rxa6 Rxd7 0-1

[Event "Early-Titled-Tuesday-Blitz-June-18-2024"]
[Site "Chess.com"]
[Date "2024.06.18"]
[Round "2"]
[White "N18player"]
[Black "BirdMaster3000"]
[Result "0-1"]
[WhiteElo "2546"]
[BlackElo "2776"]
[TimeControl "180+1"]
[EndTime "8:18:00 PDT"]
[Termination "BirdMaster3000 won by resignation"]

1. d4 f5 2. Bg5 g6 3. e3 Bg7 4. Nc3 h6 5. Bh4 d6 6. Qd2 g5 7. Bg3 Nf6 8. f3 Be6 9. O-O-O Bf7 10. h4 g4 11. Bd3 Qd7 12. Nge2 O-O 13. e4 e6 14.
exf5 exf5 15. Nf4 Nc6 16. d5 Ne5 17. Bb5 c6 18. dxc6 bxc6 19. Be2 d5 20. Bf2 Rab8 21.
Bd4 Qc7 22. Rhe1 Rfe8 23. fxg4 Ne4 24. Nxe4 fxe4 25. Nh5 Bxh5 26. gxh5 c5 27. Qc3 Nd3+ 28. Rxd3 exd3 29. Bxg7 Rxe2 30. Rxe2 dxe2 31. Be5 Qf7 32.
Qg3+ Kh7 33. Qd3+ Kg8 34. Qg3+ Kf8 35. Bd6+ Ke8 36. Qe5+ Kd7 37. Kd2 Re8 38. Qg3 e1=Q+ 39.
Qxe1 0-1

[Event "Early-Titled-Tuesday-Blitz-June-18-2024"]
[Site "Chess.com"]
[Date "2024.06.18"]
[Round "2"]
[White "FerAsensio2024"]
[Black "Nechitaylo_Nikita"]
[Result "1-0"]
[WhiteElo "2539"]
[BlackElo "2332"]
[TimeControl "180+1"]
[EndTime "8:18:00 PDT"]
[Termination "FerAsensio2024 won on time"]

1. d4 Nf6 2. Nc3 e6 3. Bf4 d5 4. Nb5 Bd6 5. Nxd6+ cxd6 6. e3 O-O 7. c3 Nc6 8. h3 e5 9. Bh2 Bf5 10. Be2 Qb6 11.
Qb3 Qxb3 12. axb3 a5 13. Nf3 Rfe8 14. O-O Bc2 15. Ra3 Be4 16. Rfa1 Bxf3 17. Bxf3 b5 18. b4 a4 19. b3 exd4 20. exd4 Rac8 21. bxa4 bxa4 22. Bxd6 Na7 23. Bc5 Nb5 24. Rxa4 Nxc3 25.
Ra7 Nfe4 26. Rb7 Nd2 27. Raa7 1-0

[Event "Early-Titled-Tuesday-Blitz-June-18-2024"]
[Site "Chess.com"]
[Date "2024.06.18"]
[Round "2"]
[White "Szachulec75"]
[Black "Road2GM3000"]
[Result "1-0"]
[WhiteElo "2217"]
[BlackElo "2466"]
[TimeControl "180+1"]
[EndTime "8:18:00 PDT"]
[Termination "Szachulec75 won by checkmate"]

1. Nf3 d5 2. g3 c6 3. Bg2 Nf6 4. d3 Bg4 5. O-O e6 6. Nbd2 Nbd7 7. h3 Bh5 8. e4 Be7 9. c3 Ne5 10. Qc2 Nxf3+ 11. Nxf3 Bxf3 12. Bxf3 O-O 13. Bg2 Nd7 14. f4 Rc8 15. e5 c5 16. Bd2 b5 17. Rae1 a5 18.
f5 Bg5 19. f6 gxf6 20. exf6 Bxf6 21. Bh6 Bg7 22. Bxg7 Kxg7 23. Qe2 Qg5 24. Kh2 Nf6 25. Rf4 e5 26. Qxe5 Qxe5 27. Rxe5 Rfd8 28. Rg5+ Kh6 29.
h4 Rd6 30. Kh3 Re8 31. Bf3 Re3 32. Kg2 Rxd3 33. g4 Ne4 34. Rg8 f6 35. Rf5 Rd2+ 36. Kg1 Ng5 37. Rxf6+ Rxf6 38. hxg5# 1-0

[Event "Early-Titled-Tuesday-Blitz-June-18-2024"]
[Site "Chess.com"]
[Date "2024.06.18"]
[Round "2"]
[White "the_chess_child"]
[Black "KubaGepard"]
[Result "1-0"]
[WhiteElo "2875"]
[BlackElo "2606"]
[TimeControl "180+1"]
[EndTime "8:18:01 PDT"]
[Termination "the_chess_child won by resignation"]

1. e4 e5 2. Nf3 Nc6 3. d3 g6 4. g3 Bg7 5. Bg2 Nge7 6. O-O O-O 7. c3 d5 8. exd5 Nxd5 9. Re1 a5 10.
Nbd2 Re8 11. Nc4 h6 12. Qc2 a4 13. Ne3 Nb6 14. Rb1 Be6 15. b4 axb3 16. axb3 Qd7 17. b4 Ra2 18. Rb2 Rea8 19. b5 Ne7 20. c4 Rxb2 21. Bxb2 Ra2 22. Qb1 Rxb2 23. Qxb2 Qxd3 24. Rd1 Nxc4 25. Qc1 Qb3 26. Nxc4 Qxc4 27. Qxc4 Bxc4 28. Rd8+ Kh7 29. Rd7 Nf5 30. Rxc7 Bxb5 31. Rxf7 e4 32. Nd2 e3 33. fxe3 Nxe3 34. Rxb7 Nc4 35. Ne4 Be8 36.
Nf6+ 1-0

[Event "Early-Titled-Tuesday-Blitz-June-18-2024"]
[Site "Chess.com"]
[Date "2024.06.18"]
[Round "2"]
[White "DvaHrasta"]
[Black "DuleMudule"]
[Result "0-1"]
[WhiteElo "2518"]
[BlackElo "2771"]
[TimeControl "180+1"]
[EndTime "8:18:01 PDT"]
[Termination "DuleMudule won on time"]

1. c4 e5 2. g3 Nc6 3. Bg2 g6 4. Nc3 Bg7 5. Nf3 Nf6 6. O-O O-O 7. d3 d6 8. Rb1 a5 9. a3 Re8 10. e4 Nd7 11. b4 axb4 12. axb4 Nd4 13. Nxd4 exd4 14.
Ne2 c6 15. f4 f5 16. exf5 gxf5 17. Bb2 c5 18. bxc5 dxc5 19. g4 Nf6 20. gxf5 Ng4 21. Ng3 Qh4 22. Bd5+ Kh8 23. Qd2 Ne3 24. Rf2 Nxd5 25. cxd5 Bd7 26. Re1 b5 27. Re6 Bxe6 28. fxe6 Qf6 29. Qe2 c4 30. Nh5 Qh6 31. Nxg7 Qxg7+ 32. Rg2 Qf6 33. dxc4 Rg8 34. Qe4 Rxg2+ 35. Kxg2 Ra2 36.
e7 Rxb2+ 37. Kf3 Rb3+ 38. Ke2 d3+ 39. Kf1 Qa1+ 40. Kg2 Rb2+ 41. Kh3 Qf1+ 42. Kg4 Qe2+ 0-1